[Event "*** Qualifier 1: Titled Tuesday 3|2 Blitz"]
[Site "Chess.com"]
[Date "2017.04.04"]
[Round "2"]
[White "Fandorine"]
[Black "Schemato"]
[Result "1-0"]
[WhiteElo "2634"]
[BlackElo "2248"]
[TimeControl "180+2"]
[EndTime "13:24:48 PDT"]
[Termination "Fandorine won by resignation"]

1. e4 c5 2. Nf3 e6 3. d4 cxd4 4. Nxd4 Nc6 5. Nc3 Qc7 6. g3 a6 7.
Bg2 d6 8. O-O Bd7 9. Re1 Be7 10.
Nce2 Nf6 11. b3 O-O 12. c4 Rab8 13. Bb2 b5 14. Rc1 Nxd4 15. Nxd4 Qb6 16. cxb5 axb5 17. e5 dxe5 18. Rxe5 Rfd8 19. Qe2 b4 20. h3 Rbc8 21. Rxc8 Rxc8 22. Nf5 Bf8 23. Ne3 Bc6 24. Nc4 Qc7 25.
Rg5 Bxg2 26. Kxg2 Nd5 27. Qg4 Nc3 28. Ra5 g6 29. Qf3 Bg7 30. a4 Nd5 31. Bxg7 Kxg7 32.
Rb5 Rb8 33. Rxb8 Qxb8 34. Qe4 Kg8 35. Kh2 Qa7 36. Kg2 Qc5 37. a5 Nc3 38. Qa8+ Kg7 39. Qf3 Nb5 40. a6 Qa7 41. Qb7 Qc5 42. Qe4 Qa7 43.
Qe5+ Kg8 44. Qxb5 Qa8+ 45. Qb7 1-0

[Event "*** Qualifier 1: Titled Tuesday 3|2 Blitz"]
[Site "Chess.com"]
[Date "2017.04.04"]
[Round "2"]
[White "amaidel"]
[Black "MITerryble"]
[Result "0-1"]
[WhiteElo "2480"]
[BlackElo "2759"]
[TimeControl "180+2"]
[EndTime "13:24:54 PDT"]
[Termination "MITerryble won by checkmate"]

1. e4 e6 2. d4 d5 3. exd5 exd5 4. Nf3 Nf6 5. Bd3 Bd6 6. O-O O-O 7. c4 dxc4 8. Bxc4 Bg4 9. Nc3 Nc6 10. Be3 Qd7 11.
d5 Bxf3 12. Qxf3 Ne5 13. Qe2 Nxc4 14. Qxc4 Rfe8 15. Rad1 Rxe3 16. fxe3 Ng4 17. Qd4 Bxh2+ 18. Kh1 Be5 19. Qe4 Re8 20. Rf5 g6 21. Qxg4 Qxf5 22.
Qxf5 gxf5 23. Rd3 f4 24. exf4 Bxf4 25. g3 Re1+ 26. Kg2 Be5 27. Kf3 f5 28. b3 Kf7 29.
Ne2 Ke7 30. Nd4 Kf6 31. Ne6 b5 32. Nd8 a6 33. Nc6 h5 34. a4 bxa4 35. bxa4 Ra1 36. a5 Bd6 37. Kg2 Kg5 38. Kf3 h4 39. gxh4+ Kxh4 40. Nd4 Kg5 41. Nc6 Rg1 42. Rd2 Rg3+ 43.
Kf2 Ra3 44. Re2 f4 45. Re8 Bc5+ 46. Kf1 f3 47. Rf8 Ra1# 0-1

[Event "*** Qualifier 1: Titled Tuesday 3|2 Blitz"]
[Site "Chess.com"]
[Date "2017.04.04"]
[Round "2"]
[White "biveklama"]
[Black "peteseeger"]
[Result "1/2-1/2"]
[WhiteElo "2194"]
[BlackElo "2124"]
[TimeControl "180+2"]
[EndTime "13:25:00 PDT"]
[Termination "Game drawn by repetition"]

1. e4 c5 2. Nf3 e6 3. g3 Nc6 4.
Bg2 Nf6 5. Qe2 Be7 6. O-O d6 7.
c3 O-O 8. d4 cxd4 9. cxd4 d5 10. e5 Ne4 11. Nbd2 Nxd2 12. Bxd2 Bd7 13. h4 Rc8 14. a3 Na5 15. Qd3 Nc4 16. Bc3 Bb5 17. Qb1 Qd7 18. Rc1 Rc7 19. a4 Ba6 20. b3 Nb6 21. a5 Nc8 22. Bd2 Bb5 23. Bg5 h6 24. Bd2 f5 25. exf6 Bxf6 26. Re1 Nd6 27. Bf4 Rc6 28.
Qg6 Ne4 29. Bxh6 Qf7 30. Qg4 Rc2 31. Be3 Bd7 32. Qf4 Qe7 33. Rac1 Rxc1 34. Rxc1 Bxd4 35. Qc7 Bxe3 36. fxe3 Qf7 37. Rf1 Bb5 38. Qxf7+ Rxf7 39. Rc1 Nxg3 40. Rc8+ Rf8 41. Rc7 Rf7 42. Rc8+ Rf8 43.
Rc7 Rf7 44. Rc8+ Rf8 45. Rc7 Rf7 46. Rc8+ Rf8 1/2-1/2

[Event "*** Qualifier 1: Titled Tuesday 3|2 Blitz"]
[Site "Chess.com"]
[Date "2017.04.04"]
[Round "2"]
[White "Alexander_Donchenko"]
[Black "GameOverBro"]
[Result "1-0"]
[WhiteElo "2580"]
[BlackElo "2242"]
[TimeControl "180+2"]
[EndTime "13:25:06 PDT"]
[Termination "Alexander_Donchenko won by resignation"]

1. d4 Nf6 2. c4 d6 3. Nf3 Nbd7 4.
g3 e5 5. Bg2 Be7 6. O-O O-O 7.
Nc3 c6 8. e4 a6 9. Re1 b5 10. c5 exd4 11. cxd6 Bxd6 12. Nxd4 Ne5 13. f4 Bg4 14. Nce2 Qb6 15. fxe5 Bxe5 16. Be3 Rad8 17. Nf5 Rxd1 18. Bxb6 Rxa1 19. Rxa1 Bxe2 20. Re1 Bc4 21. b3 Be6 22. Ne7+ Kh8 23. Nxc6 Bb2 24. e5 Nd5 25.
Bd4 Ba3 26. Rd1 Rc8 27. Bxd5 Bxd5 28. Na7 Bf3 29. Rf1 Rd8 30. Rxf3 Rxd4 31. Rxf7 Kg8 32. e6 Rd1+ 33. Kg2 Re1 34. Rf2 Rxe6 35. Rc2 h5 36. Nc6 Kh7 37. Nd4 Rf6 38. Rc6 Rxc6 39. Nxc6 Kg6 40.
Kf3 Kf5 41. Nb8 a5 42. Nc6 a4 43. Nd4+ Kg5 44. Nxb5 axb3 45. axb3 Bb4 46. h3 Kf5 47. Nd4+ Kf6 48. Nc6 Bc5 49. Ke4 g5 50. b4 Bd6 51.
g4 hxg4 52. hxg4 Ke6 53. b5 Bc5 54. Nd4+ Kd6 55. Nf3 Kc7 56. Kd5 Kb6 57. Kc4 Be3 58.
Ne5 Bf4 59. Nd7+ Kc7 60. Nf6 Kb7 61. Nd5 Bg3 62. Kd4 Bf2+ 63. Ke5 Be1 64. Kd6 Bf2 65. Ke6 Be1 66. Ke5 Bd2 67. Ke4 Bc1 68. Kd3 Ba3 69. Ne3 Kb6 70. Nc4+ Kxb5 71. Nxa3+ Kc5 72. Nc4 Kd5 1-0

[Event "*** Qualifier 1: Titled Tuesday 3|2 Blitz"]
[Site "Chess.com"]
[Date "2017.04.04"]
[Round "2"]
[White "iturrizaga"]
[Black "GrigorGrigorov"]
[Result "1-0"]
[WhiteElo "2639"]
[BlackElo "2517"]
[TimeControl "180+2"]
[EndTime "13:25:07 PDT"]
[Termination "iturrizaga won by resignation"]

1. Nf3 g6 2. c4 Bg7 3. Nc3 c5 4.
g3 Nc6 5. Bg2 e6 6. O-O Nge7 7. d4 cxd4 8. Nb5 d5 9. cxd5 exd5 10. Nbxd4 O-O 11. Be3 Nf5 12. Nxf5 Bxf5 13. Nd4 Nxd4 14.
Bxd4 Be4 15. Bxg7 Kxg7 16. Qd4+ Qf6 17. Rfd1 Rfe8 18. Bh3 Bc2 19. Qxf6+ Kxf6 20. Rd2 Ba4 21. Bg2 Bc6 22. Rad1 Rac8 23. e3 Re5 24. Bxd5 Bxd5 25.
Rxd5 Rxd5 26. Rxd5 Rc2 27. Rb5 b6 28. Kg2 h5 29. h4 Ke6 30. e4 Kd6 31. Kf3 Kc6 32.
Rb3 Kc5 33. Ke3 Kc4 34. f3 b5 35. Ra3 Rxb2 36. Rxa7 b4 37. Kf4 Rf2 38. Rc7+ Kd3 39. Rxf7 Rxa2 40. Rb7 Kc3 41. Kg5 Ra6 42. f4 b3 43. f5 gxf5 44. exf5 Ra5 45. Kg6 Ra4 46. Kxh5 b2 47. f6 Ra1 48. f7 1-0

[Event "*** Qualifier 1: Titled Tuesday 3|2 Blitz"]
[Site "Chess.com"]
[Date "2017.04.04"]
[Round "2"]
[White "gumersindo"]
[Black "FMchesstrainer"]
[Result "1-0"]
[WhiteElo "2309"]
[BlackElo "2358"]
[TimeControl "180+2"]
[EndTime "13:25:07 PDT"]
[Termination "gumersindo won on time"]

1. d4 d5 2. c4 e6 3. Nc3 Be7 4. Nf3 Nf6 5. Bg5 h6 6. Bh4 Ne4 7. Bxe7 Qxe7 8. cxd5 Nxc3 9. bxc3 exd5 10. e3 O-O 11. Bd3 c5 12. O-O Nc6 13. Rb1 b6 14. Qa4 Bd7 15. Bb5 Rfc8 16. Qa6 Na5 17. Bxd7 Qxd7 18. Ne5 Qd6 19. Qe2 Rc7 20. Qf3 Rac8 21. h4 Nc6 22. Nd3 Ne7 23. dxc5 bxc5 24. Nf4 Qe5 25. Rbc1 Rb8 26. Rfd1 Rd7 27. g4 Rb6 28. h5 f5 29. gxf5 Qxf5 30. Kh2 Rf6 31. Rg1 Kh7 32. Rg3 d4 33. cxd4 cxd4 34. Rcg1 Nc6 35.
Qg2 Rff7 36. Qxc6 dxe3 37. Qg6+ Kh8 38. Qxf5 Rxf5 39. fxe3 Kg8 40. Kh3 Ra5 41. R1g2 Re5 42. Kg4 Rde7 43. Re2 Kf7 44. Kf3 Ra5 45. e4 Ra3+ 46.
Kg4 Ra4 47. Kf5 Kg8 48. Rd3 Rf7+ 49. Kg4 Re7 50. Kf3 Rf7 51. Rg2 Kf8 52. Ke3 Ke7 53. Nd5+ Ke6 54. Nf4+ Ke5 55. Rd5+ Kf6 56. Rg6+ Ke7 57.
Re6+ 1-0

[Event "*** Qualifier 1: Titled Tuesday 3|2 Blitz"]
[Site "Chess.com"]
[Date "2017.04.04"]
[Round "2"]
[White "ohusbands"]
[Black "Superfelix"]
[Result "1-0"]
[WhiteElo "2225"]
[BlackElo "2315"]
[TimeControl "180+2"]
[EndTime "13:25:16 PDT"]
[Termination "ohusbands won by resignation"]

1. e4 c6 2. Nc3 g6 3. Nf3 d5 4. d4 dxe4 5. Nxe4 Nf6 6. Bd3 Bg7 7.
h3 O-O 8. O-O a5 9. c3 Na6 10.
Re1 Nc7 11. Qe2 Nxe4 12. Bxe4 h6 13. Bf4 a4 14. Bd3 Nd5 15. Bg3 b5 16. Rac1 Ra7 17. Ne5 Bd7 18. b3 axb3 19. axb3 Be8 20. c4 bxc4 21.
bxc4 Nb4 22. Red1 Ra2 23. Qe4 Nxd3 24. Rxd3 Qb6 25. c5 Qb2 26. Rdd1 Bxe5 27. Qxe5 Qe2 28. Re1 Qxe5 29. Rxe5 e6 30. Rb1 Ra7 31. Re3 Bd7 32.
h4 h5 33. Bd6 Rfa8 34. Kh2 Ra2 35. Kg3 Bc8 36. Rb6 Bd7 37. Rb7 R2a7 38. Reb3 Kg7 39. Be5+ f6 40. Bd6 Kf7 41. Kf4 Ke8 42. f3 Rxb7 43.
Rxb7 Ra2 44. g4 hxg4 45. fxg4 Rf2+ 46. Ke3 Rg2 47. Kf3 Rd2 48. Rb8+ Kf7 49. Rf8+ Kg7 50. Rd8 Rxd4 51. Rxd7+ Kg8 52. Rc7 e5 53. Rxc6 Rd3+ 54. Ke2 Rg3 55. Rc8+ Kf7 56. c6 Rxg4 57. c7 Rc4 58.
Rf8+ Ke6 59. c8=Q+ Rxc8 60. Rxc8 Kxd6 61. Rg8 Ke6 62.
Rxg6 Kf5 63. Rg1 1-0

[Event "*** Qualifier 1: Titled Tuesday 3|2 Blitz"]
[Site "Chess.com"]
[Date "2017.04.04"]
[Round "2"]
[White "FairChess_on_YouTube"]
[Black "donotreadit"]
[Result "1/2-1/2"]
[WhiteElo "2731"]
[BlackElo "2499"]
[TimeControl "180+2"]
[EndTime "13:25:18 PDT"]
[Termination "Game drawn - insufficient material"]

1. d4 d6 2. e4 Nf6 3. Nc3 g6 4.
f4 Bg7 5. Bd3 O-O 6. Nf3 Nc6 7.
O-O e5 8. fxe5 dxe5 9. d5 Ne7 10. Bg5 c6 11. Nxe5 cxd5 12. Kh1 dxe4 13. Bxe4 Qxd1 14. Raxd1 Nxe4 15. Nxe4 Bxe5 16. Bxe7 Re8 17. Nf6+ Bxf6 18. Bxf6 Bf5 19. Rf2 Be4 20. h3 Bc6 21. Kh2 h6 22.
Rd4 Re4 23. Rxe4 Bxe4 24. Rd2 g5 25. c4 Re8 26. b4 a6 27. a4 Kh7 28. b5 Kg6 29. Bb2 Re6 30. c5 axb5 31. axb5 h5 32. Bd4 h4 33. Rb2 f5 34. Bf2 Re7 35. c6 bxc6 36.
b6 c5 37. Bxc5 Rd7 38. Re2 Kf6 39. Be3 g4 40. hxg4 fxg4 41. Bg5+ Kxg5 42. Rxe4 Rb7 43. Rb4 Kf5 44. Kg1 Kg5 45. Kf2 Rf7+ 46. Ke3 Rb7 47. Rb5+ Kg6 48. Kf4 h3 49. gxh3 gxh3 50. Kg3 Kf6 51. Rh5 Ke6 52. Rxh3 Kd6 53. Kf4 Rxb6 54.
Rh6+ Kc5 55. Rxb6 Kxb6 1/2-1/2

[Event "*** Qualifier 1: Titled Tuesday 3|2 Blitz"]
[Site "Chess.com"]
[Date "2017.04.04"]
[Round "2"]
[White "Jadro9"]
[Black "IM_Michal_Luch"]
[Result "1/2-1/2"]
[WhiteElo "2351"]
[BlackElo "2439"]
[TimeControl "180+2"]
[EndTime "13:25:22 PDT"]
[Termination "Game drawn - insufficient material"]

1. e4 Nf6 2. e5 Nd5 3. d4 d6 4. c4 Nb6 5. exd6 cxd6 6. Nc3 g6 7. Bd3 Bg7 8. Nge2 O-O 9. O-O Nc6 10. Be3 d5 11. c5 Nc4 12. Bxc4 dxc4 13.
Qa4 Nxd4 14. Bxd4 Bxd4 15. Rfd1 e5 16. Nxd4 exd4 17. Qxc4 Be6 18. Qxd4 Qxd4 19. Rxd4 Rfc8 20. Ne4 Bf5 21. Rc1 Rc6 22. b4 a6 23. Nd6 b6 24.
Nxf5 gxf5 25. g3 Rac8 26. Rd5 f4 27. gxf4 a5 28. a3 axb4 29. axb4 Kg7 30. Kg2 Kf6 31. Kf3 Ra8 32. Rcd1 bxc5 33. Rd6+ Rxd6 34. Rxd6+ Ke7 35. bxc5 Ra3+ 36. Kg4 Rc3 37. Rd5 Ke6 38. Rh5 Kf6 39. Rf5+ Kg6 40. Rd5 f6 41. h4 Rc1 42. h5+ Kg7 43.
Kf5 Kh6 44. Kxf6 Rxc5 45. Ke6 Rc6+ 46. Rd6 Rc2 47. f3 Kxh5 48. f5 Rc3 49. f4 Rc4 50. f6 Rxf4 51. Kf7 Kg4 52. Kg7 h5 53. f7 Rxf7+ 54.
Kxf7 h4 55. Kg6 h3 56. Rd4+ Kf3 57. Kg5 h2 58. Rd3+ Kg2 59. Rd2+ Kg1 60. Rd1+ Kg2 61. Kg4 h1=Q 62. Rd2+ Kf1 63. Rd1+ Kg2 64. Rxh1 Kxh1 1/2-1/2

[Event "*** Qualifier 1: Titled Tuesday 3|2 Blitz"]
[Site "Chess.com"]
[Date "2017.04.04"]
[Round "2"]
[White "dolynachess"]
[Black "stefanodinn"]
[Result "1-0"]
[WhiteElo "2308"]
[BlackElo "2191"]
[TimeControl "180+2"]
[EndTime "13:25:27 PDT"]
[Termination "dolynachess won by resignation"]

1. c4 c6 2. d4 d5 3. Nc3 Nf6 4.
cxd5 cxd5 5. Nf3 Nc6 6. Bf4 a6 7. e3 Bg4 8. Be2 e6 9. O-O Bd6 10. Bxd6 Qxd6 11. Rc1 O-O 12. Na4 Nd7 13. Nd2 Bxe2 14.
Qxe2 Rfc8 15. Nb3 b5 16. Nac5 Nb6 17. Nd2 e5 18. dxe5 Nxe5 19. Nd3 Nbc4 20. b3 Nxd3 21.
Qxd3 Qa3 22. Rc2 Nxd2 23. Rxd2 Rd8 24. Rfd1 g6 25. h4 h5 26. Qe2 Rac8 27. Rxd5 Rxd5 28.
Rxd5 Qc1+ 29. Rd1 Rc2 30. Rxc1 Rxe2 31. a4 bxa4 32. bxa4 Ra2 33. Rc4 Kf8 34. f3 a5 35.
Kh2 Ke7 36. e4 Kd6 37. Kg3 Ke6 38. Rd4 Ke7 39. Kf4 Rxg2 40. Rd5 Ra2 41. Rxa5 Ke6 42. Ra6+ Ke7 43. Kg5 Ra3 44. Ra7+ Ke6 45. Kf4 f6 46. a5 Ra4 47. a6 Ra3 48. Ra8 g5+ 49. hxg5 fxg5+ 50. Kxg5 Rxf3 51. a7 1-0

[Event "*** Qualifier 1: Titled Tuesday 3|2 Blitz"]
[Site "Chess.com"]
[Date "2017.04.04"]
[Round "2"]
[White "HansCoolNiemann"]
[Black "Gulkov_Igor"]
[Result "1-0"]
[WhiteElo "2307"]
[BlackElo "2314"]
[TimeControl "180+2"]
[EndTime "13:25:30 PDT"]
[Termination "HansCoolNiemann won by resignation"]

1. d4 Nf6 2. c4 g6 3. Nc3 Bg7 4. e4 d6 5. Nf3 O-O 6. Be2 Bg4 7. Ng1 Bc8 8. Nf3 c5 9. d5 e6 10.
Bf4 exd5 11. cxd5 Bg4 12. O-O a6 13. a4 Bxf3 14. Bxf3 Re8 15. Re1 h5 16. Bg5 Nbd7 17. g3 Qa5 18. Bg2 Qb4 19. Ra3 c4 20. Qc2 Nc5 21.
Bd2 Nd3 22. Rb1 Qc5 23. Be3 Qc7 24. a5 Ng4 25. Bb6 Qd7 26. h3 Nf6 27. b3 Rac8 28.
bxc4 Ne5 29. c5 dxc5 30. f4 Nc4 31. Ra4 Nxb6 32. Rxb6 h4 33. g4 Nxg4 34. hxg4 Bxc3 35. Bf3 Bd4+ 36. Kg2 g5 37. e5 gxf4 38. e6 Qe7 39. Qf5 fxe6 40. Rxe6 Qf7 41. Qg5+ Kf8 42. Qf5 Qxf5 43.
gxf5 c4 44. Be2 Be3 45. Bxc4 Rxe6 46. dxe6 Ke7 47. Rb4 Rc7 48. Bd5 Kf6 49. Be4 Rg7+ 50. Kf3 h3 51. Rb2 Rh7 52. e7 Rxe7 53. Rb6+ Kg5 54.
Rg6+ Kh5 55. Rg8 Kh4 56. f6 Rf7 57. Rg4+ Kh5 58. Bg6+ Kh6 59. Bxf7 1-0

[Event "*** Qualifier 1: Titled Tuesday 3|2 Blitz"]
[Site "Chess.com"]
[Date "2017.04.04"]
[Round "2"]
[White "Sven_Tica"]
[Black "platy3"]
[Result "0-1"]
[WhiteElo "2428"]
[BlackElo "2614"]
[TimeControl "180+2"]
[EndTime "13:25:32 PDT"]
[Termination "platy3 won by resignation"]

1. d4 Nf6 2. c4 e6 3. g3 d5 4.
Nf3 dxc4 5. Bg2 Bb4+ 6. Bd2 a5 7. Qc2 Bxd2+ 8. Nbxd2 b5 9. a4 c6 10. O-O O-O 11.
b3 cxb3 12. Nxb3 Qb6 13. Rfc1 Nd5 14. Ne5 Bb7 15. Qc5 Qxc5 16. Nxc5 Ra7 17. Bxd5 exd5 18.
axb5 cxb5 19. Nxb7 Rxb7 20. Rxa5 Re8 21. e3 f6 22. Nd3 Nd7 23. Nb4 Reb8 24. Rb1 Nb6 25.
Rxb5 Nc4 26. Rxb7 Rxb7 27. Rb3 Kf7 28. f3 Nxe3 29. Rxe3 Rxb4 30. Rd3 Rb2 31. h4 h5 32. Kf1 Ke6 33. Re3+ Kf7 34. Re2 Rb3 35. Kf2 Rd3 36. Ra2 Rxd4 37. Ra7+ Kg6 38. Ke3 Rd1 39. Rd7 Kh6 40. Kf4 Rd3 41. g4 hxg4 42. fxg4 Rd4+ 43. Kf5 g6+ 44. Kxf6 Rxg4 45. Rxd5 Rxh4 46. Rd8 Rf4+ 47. Ke5 Kg5 48. Rg8 Rf1 49. Ke4 Kh5 50. Ke3 g5 51.
Ke2 Rf6 52. Ra8 Kh4 53. Ra1 g4 54. Rf1 Rxf1 55. Kxf1 Kh3 0-1

[Event "*** Qualifier 1: Titled Tuesday 3|2 Blitz"]
[Site "Chess.com"]
[Date "2017.04.04"]
[Round "2"]
[White "ZivkovicN"]
[Black "Titus369"]
[Result "0-1"]
[WhiteElo "2312"]
[BlackElo "2230"]
[TimeControl "180+2"]
[EndTime "13:25:35 PDT"]
[Termination "Titus369 won by resignation"]

1. e4 c5 2. Nf3 d6 3. Bb5+ Nd7 4. c3 Nf6 5. Qe2 a6 6. Ba4 b5 7. Bc2 Bb7 8. d4 e6 9. O-O Be7 10. Re1 O-O 11. Nbd2 cxd4 12. cxd4 Rc8 13. Bd3 Qc7 14. Nf1 Qb8 15. Ng3 Nb6 16. Bg5 Rfe8 17. e5 dxe5 18. dxe5 Nfd5 19. Bxe7 Nxe7 20. Bxh7+ Kxh7 21. Ng5+ Kg8 22. Qh5 Ng6 23. Qh7+ Kf8 24. Nh5 Ke7 25. Qxg7 Rf8 26.
Nxe6 Kxe6 27. Qf6+ Kd7 28. Qxb6 Rc6 29. Qd4+ Kc8 30.
Rad1 Qc7 31. Nf6 Rc4 32. Qd7+ Qxd7 33. Rxd7 Nxe5 34. Re7 Ng6 35. R7e2 Nf4 36. Re8+ Rxe8 37. Rxe8+ Kc7 38. f3 Rc1+ 39. Kf2 Rc2+ 40. Kg3 Ng6 41. h4 Bc6 42. Re3 Rc5 43. h5 Nf8 44. Kf4 Ne6+ 45. Kg3 Rg5+ 46. Kf2 Rf5 47. Ng8 Rxh5 48. Ne7 Bd7 49.
Rb3 Kd6 50. Ng8 Rg5 51. Rd3+ Kc7 52. Nf6 Bc6 53. g4 Rc5 54. Rd2 Ng5 55. f4 Ne6 56. Ke3 Rc4 57. Nh5 Re4+ 58. Kf2 Nxf4 59. Nf6 Re6 60. Ng8 Nd5 61. Rc2 Kd7 62. Kg3 Rg6 63.
Rd2 Rxg8 0-1

[Event "*** Qualifier 1: Titled Tuesday 3|2 Blitz"]
[Site "Chess.com"]
[Date "2017.04.04"]
[Round "2"]
[White "GMMelik"]
[Black "Sanan_Sjugirov"]
[Result "1/2-1/2"]
[WhiteElo "2479"]
[BlackElo "2694"]
[TimeControl "180+2"]
[EndTime "13:25:37 PDT"]
[Termination "Game drawn by agreement"]

1. e4 c5 2. Nf3 d6 3. d4 cxd4 4.
Nxd4 Nf6 5. Nc3 a6 6. a4 e5 7. Nf3 Be7 8. Bc4 O-O 9. O-O Be6 10. Ba2 Nc6 11. Bg5 Nb4 12. Bxf6 Bxf6 13. Bd5 Qc7 14. Bb3 Rac8 15. Qd2 Rfd8 16. Rfd1 Qc5 17. a5 b5 18.
axb6 Qxb6 19. Ra3 a5 20. Rda1 d5 21. exd5 e4 22. Ng5 Bxc3 23. bxc3 Nxd5 24. Nxe6 fxe6 25. Qd4 Qc6 26. Qxe4 Kh8 27. Rxa5 Nxc3 28. Qxc6 Rxc6 29. Ra8 Rd6 30. Rxd8+ Rxd8 31. Bxe6 h6 32. h4 Ne2+ 33. Kh2 Nd4 34. Bb3 Rc8 35. h5 Nxb3 36. cxb3 Rc2 37.
f3 Rb2 38. Ra8+ Kh7 39. Rb8 Rb1 40. b4 Rb3 41. b5 Rb2 42. Kh3 Rb4 43. g4 Rb1 44.
Kg3 Rb4 45. b6 Rb1 46. Kf4 Rb5 47. Ke4 Rb3 48. f4 Rb4+ 49. Ke5 Rb1 50. g5 hxg5 51.
fxg5 Rb5+ 52. Kf4 Rb4+ 53. Kf3 Rb3+ 54. Ke4 Rb4+ 55. Kd3 Rb5 56. b7 g6 57. Kc4 Rb1 58.
hxg6+ Kg7 59. Kd5 Rd1+ 60. Kc6 Rc1+ 61. Kd5 Rd1+ 62. Ke5 Re1+ 63. Kf4 Rf1+ 64. Ke5 1/2-1/2

[Event "*** Qualifier 1: Titled Tuesday 3|2 Blitz"]
[Site "Chess.com"]
[Date "2017.04.04"]
[Round "2"]
[White "joppie2"]
[Black "GM_Donatello"]
[Result "1/2-1/2"]
[WhiteElo "2604"]
[BlackElo "2559"]
[TimeControl "180+2"]
[EndTime "13:25:37 PDT"]
[Termination "Game drawn by agreement"]

1. d4 d5 2. Bf4 Nf6 3. e3 e6 4.
Nf3 Bd6 5. Bg3 c5 6. Nbd2 O-O 7. c3 b6 8. Bd3 Bb7 9. Ne5 Nc6 10. O-O Qc7 11. Ndf3 h6 12. Nxc6 Bxc6 13. Ne5 Nd7 14.
Nxc6 Qxc6 15. a4 Bxg3 16. hxg3 c4 17. Be2 a6 18. Qc2 b5 19. b4 cxb3 20. Qxb3 bxa4 21. Qxa4 Rfc8 22. Qxc6 Rxc6 23. c4 Kf8 24. cxd5 exd5 25. Ra5 Nf6 26. Rfa1 Ke7 27. Bf3 Rd6 28. Rb1 Ra7 29.
Rc1 Ke6 30. Rcc5 g5 31. Rc2 g4 32. Be2 h5 33. Rca2 Ne4 34. Bxa6 Ke7 35. Bd3 Rxa5 36. Rxa5 Nf6 37. Ra7+ Kf8 38. Kf1 Rb6 39. Ra2 Rb3 40. Ke2 Kg7 41. f3 Rb8 42. e4 gxf3+ 43.
gxf3 dxe4 44. fxe4 Rd8 45. Ra4 Rb8 46. Ra2 Rb4 47. d5 Nxe4 48. Bxe4 Rxe4+ 49. Kd3 Re1 50. Kd4 Kf6 51. Ra6+ Ke7 52. Ra7+ Kd6 53. Ra6+ Ke7 54.
Rb6 Re2 55. Ra6 Re1 56. Rh6 Rg1 57. Ke5 Rxg3 58. Rxh5 Rg1 59. Rh2 Re1+ 60. Kf5 1/2-1/2

[Event "*** Qualifier 1: Titled Tuesday 3|2 Blitz"]
[Site "Chess.com"]
[Date "2017.04.04"]
[Round "2"]
[White "AllStarShark"]
[Black "Goala"]
[Result "0-1"]
[WhiteElo "2312"]
[BlackElo "2222"]
[TimeControl "180+2"]
[EndTime "13:25:48 PDT"]
[Termination "Goala won by checkmate"]

1. d4 e6 2. Nf3 Nf6 3. Bg5 c5 4.
e3 cxd4 5. exd4 b6 6. c3 Bb7 7. Bd3 d6 8. O-O Nbd7 9. Nbd2 Be7 10. Qe2 O-O 11. Ne4 Nxe4 12. Bxe7 Nxc3 13. Bxh7+ Kxh7 14. Ng5+ Kg6 15. Qd3+ Be4 16. Nxe4 Qxe7 17. bxc3 f5 18. Qg3+ Kh7 19. Qxd6 Qd8 20. Nd2 Rf6 21. Qf4 Rc8 22.
Rac1 Rh6 23. Nf3 Qf6 24. Rfe1 Kh8 25. Qg5 Qf7 26. Ne5 Nxe5 27. Rxe5 Kg8 28. Qe3 Qh5 29. h3 Qg6 30. Re1 Rc6 31. Qf3 Rc8 32. R1e3 Qf6 33. Qb7 Re8 34. d5 Qg5 35. Rxe6 Rexe6 36. dxe6 f4 37.
Qf7+ Kh7 38. Rf3 Rg6 39. g4 Rf6 40. Qe8 Qd5 41. Kg2 Rxe6 42. Qc8 Qe4 43. Qd7 Re5 44. Qf7 Qe1 45. Qxf4 Rd5 46. Qg3 Rd1 47. Qh4+ Kg8 48. Kg3 Qg1+ 49. Kf4 Qe1 50. Re3 Qd2 51. Kf3 Qd5+ 52.
Kg3 Rg1+ 53. Kf4 Qd6+ 54. Ke4 Qe6+ 55. Kf3 Qd5+ 56. Kf4 Qd6+ 57. Kf5 Qd5+ 58. Re5 Qf3+ 59. Ke6 Qf7+ 60. Kd6 Rd1+ 61. Kc6 Qd7# 0-1

[Event "*** Qualifier 1: Titled Tuesday 3|2 Blitz"]
[Site "Chess.com"]
[Date "2017.04.04"]
[Round "2"]
[White "NTBT_DHS"]
[Black "Alexander_Moskalenko"]
[Result "1/2-1/2"]
[WhiteElo "2464"]
[BlackElo "2632"]
[TimeControl "180+2"]
[EndTime "13:25:50 PDT"]
[Termination "Game drawn by repetition"]

1. d4 Nf6 2. c4 e6 3. Nf3 d5 4. g3 dxc4 5. Bg2 Bd7 6. Ne5 Bc6 7.
Nxc6 Nxc6 8. Qa4 Qd7 9. O-O Nxd4 10. Qxc4 b5 11. Qd3 Rd8 12. Be3 a6 13. Bxd4 Qxd4 14.
Bc6+ Ke7 15. Qa3+ Rd6 16. Bf3 c5 17. Qa5 Qxb2 18. Nc3 Qb4 19. Qc7+ Rd7 20. Qc8 Qxc3 21. Rac1 Qd4 22. Rxc5 h5 23. e3 Qd6 24. Rd1 Qxd1+ 25. Bxd1 Rxd1+ 26. Kg2 Nd7 27. Rc7 h4 28. Qxa6 h3+ 29.
Kf3 Rh5 30. g4 Rc5 31. Rxc5 Nxc5 32. Qa7+ Nd7 33. Qb7 Rd5 34. Kg3 g5 35. Kxh3 Bg7 36. Kg2 Be5 37. h4 gxh4 38. f4 Bd6 39. Qc6 b4 40.
Qc2 Rc5 41. Qh7 Nf6 42. Qxh4 Rc2+ 43. Kf3 Rc3 44. g5 Nd5 45. g6+ Kd7 46. g7 Rxe3+ 47. Kg4 f5+ 48. Kh5 Nxf4+ 49. Kh6 Ng2 50. Qh5 Rg3 51. Qf7+ Be7 52. g8=Q Rxg8 53. Qxg8 Ne3 54. Kg6 Ng4 55. Qb8 Bd6 56. Qb7+ Bc7 57. Qb5+ Kd6 58.
Qxb4+ Kd5 59. Qb5+ Kd6 60. a4 Ne5+ 61. Kg5 Nc6 62. Qd3+ Ke7 63. Qc3 Kd6 64. Qd3+ Ke7 65. Qc3 Kd6 66. Kf6 Bd8+ 67. Kf7 Ne5+ 68. Ke8 Nc6 69.
Qd3+ Kc5 70. Qc3+ Kd6 71. Qd3+ Kc5 72. Qb5+ Kd6 73. Qd3+ Kc5 1/2-1/2

[Event "*** Qualifier 1: Titled Tuesday 3|2 Blitz"]
[Site "Chess.com"]
[Date "2017.04.04"]
[Round "2"]
[White "Zhani-Z"]
[Black "chipmunknau"]
[Result "0-1"]
[WhiteElo "2377"]
[BlackElo "2420"]
[TimeControl "180+2"]
[EndTime "13:25:50 PDT"]
[Termination "chipmunknau won by resignation"]

1. e4 c6 2. d4 d5 3. e5 Bf5 4. Be3 e6 5. Nd2 Nd7 6. Ngf3 h6 7. Be2 Ne7 8. Nh4 Bh7 9. f4 c5 10.
c3 cxd4 11. cxd4 Nc6 12. Bf2 Nxd4 13. Bxd4 Qxh4+ 14. g3 Qd8 15. Nb3 Bb4+ 16. Kf2 O-O 17. Bd3 Bxd3 18. Qxd3 f6 19. exf6 Nxf6 20. a3 Bd6 21.
Kg2 Rc8 22. Rhe1 Ne4 23. Nd2 Bc5 24. Bxc5 Nxc5 25. Qd4 Qb6 26. b4 Na4 27. Qxb6 Nxb6 28. Rxe6 Rc2 29. Re2 Nc4 30. Rd1 Nxa3 31. Kf2 Nb5 32.
Nb1 Rxe2+ 33. Kxe2 d4 34. Kd3 Re8 35. Nd2 Re3+ 36. Kc4 a6 37. Kc5 Rd3 38. Kc4 Rc3+ 39. Kd5 Rc2 40. Ne4 Rxh2 41. Rd3 Rb2 42. Nc5 Rxb4 43. Ne6 a5 44. f5 Rb1 45. Kc5 a4 46. Rd2 a3 47. Ra2 b6+ 48. Kc6 d3 49. Rd2 Rb2 50. Rxd3 Kf7 51. Rd8 Kf6 52. Rf8+ Ke5 53. Ra8 a2 54. Nxg7 Nd4+ 55. Kd7 Nb3 56. Re8+ Kf6 57.
Nh5+ Kxf5 58. Rf8+ Kg5 0-1

[Event "*** Qualifier 1: Titled Tuesday 3|2 Blitz"]
[Site "Chess.com"]
[Date "2017.04.04"]
[Round "2"]
[White "Tesla37"]
[Black "TooOldTooSlow70"]
[Result "1/2-1/2"]
[WhiteElo "2557"]
[BlackElo "2274"]
[TimeControl "180+2"]
[EndTime "13:25:52 PDT"]
[Termination "Game drawn by agreement"]

1. e4 e5 2. Nf3 d6 3. d4 exd4 4.
Nxd4 Nf6 5. Nc3 Be7 6. Bf4 O-O 7. Qd2 d5 8. e5 Nh5 9. Be2 Nxf4 10. Qxf4 c5 11.
Nf5 Bg5 12. Qf3 Nc6 13. Rd1 Nxe5 14. Qxd5 Bxf5 15. Qxe5 Qf6 16. Rd5 Qxe5 17. Rxe5 g6 18. g4 Bf6 19. Rxc5 Rac8 20. Rxc8 Bxc8 21. Kd2 Rd8+ 22.
Kc1 Bxc3 23. bxc3 Be6 24. a3 g5 25. h4 h6 26. f3 Kg7 27. Bd3 Rc8 28. Kd2 Rc5 29.
hxg5 hxg5 30. Rh7+ Kg8 31. Rh1 Kg7 32. Rb1 b6 33.
Rb4 Kf6 34. a4 Ke5 35. Re4+ Kd6 36. Rd4+ Ke5 37. Be4 Ra5 38. Kc1 a6 39. Kb2 b5 40.
Ka3 bxa4 41. Bd3 Rc5 42. Re4+ Kd6 43. c4 Ra5 44. Kb4 Re5 45. Rd4+ Kc7 46. Kxa4 f5 47. gxf5 Bxf5 48. Kb4 Be6 49. c5 a5+ 50. Kb5 Bd7+ 51. Kxa5 Rxc5+ 52. Kb4 Re5 53. c4 Bc6 54. Be4 Bxe4 55.
fxe4 g4 56. Kc3 g3 57. Rd3 Rxe4 58. Rxg3 Re5 59. Kd4 Rh5 60. c5 Rh6 61. Kc4 Kc8 62. Kb5 Kc7 63. Rg8 Rf6 64. Rg7+ Kc8 65. Rh7 Rg6 66. c6 Rg1 67. Kb6 Rb1+ 68. Kc5 Rc1+ 69. Kd6 Rd1+ 1/2-1/2